Map: Blackpink LE

Players

Guru

  • Race: Zerg Zerg
  • Spawn Location: 7:00

Creator - Winner!

  • Race: Protoss Protoss
  • Spawn Location: 1:00

Event: IEM Season 12 - Katowice

VOD

Have the link to the VOD?

Description

Time

  • Played on: Feb. 26, 2018, 12:32 p.m.
  • Length: 17:57

All games in this series

Show
View Real Time Build Order
Export as new Build Order

Guru Zerg 

Build Orders: Hatch First, Roach Hydra 

Get SALT Encoding   

  12  0:00  Drone  
  13  0:12  Overlord  
  13  0:17  Drone  
  14  0:31  Drone x2  
  14  0:35  Drone  
  17  0:52  Hatchery  
  17  0:54  Drone  
  17  0:58  Drone  
  18  1:08  Extractor  
  17  1:12  Spawning Pool  
  17  1:15  Drone  
  17  1:19  Drone  
  18  1:28  Drone  
  19  1:59  Queen, Zergling x2  
  22  2:04  Queen  
  22  2:05  Drone x3  
  22  2:08  Metabolic Boost  
  27  2:11  Overlord  
  27  2:15  Drone  
  28  2:36  Zergling x2  
  30  2:37  Zergling x2  
  30  2:39  Zergling x2  
  30  2:40  Zergling x2  
  30  2:41  Queen  
  34  2:45  Overlord  
  34  2:46  Drone  
  34  3:02  Hatchery  
  34  3:03  Drone x2  
  35  3:06  Drone  
  35  3:12  Drone x2  
  38  3:15  Drone  
  38  3:18  Drone x2  
  41  3:25  Drone  
  41  3:26  Drone x2  
  43  3:34  Spore Crawler  
  43  3:35  Lair  
  43  3:37  Drone  
  43  3:44  Roach Warren  
  43  3:46  Extractor  
  43  3:47  Drone x2  
  43  3:52  Overlord  
  43  3:55  Overlord  
  43  4:03  Overlord  
  43  4:08  Overlord  
  43  4:14  Drone x2  
  43  4:15  Drone x5  
  50  4:19  Drone x2  
  50  4:20  Extractor  
  50  4:34  Drone  
  50  4:35  Glial Reconstitution  
  50  4:36  Overlord  
  51  4:40  Roach x2  
  51  4:43  Roach x3  
  51  4:45  Roach  
  63  4:51  Roach x2  
  63  4:52  Roach  
  69  4:55  Drone  
  69  4:59  Roach  
  72  5:07  Spore Crawler  
  72  5:10  Roach x2  
  73  5:16  Drone  
  73  5:17  Drone x7  
  81  5:23  Overlord  
  81  5:24  Evolution Chamber  
  80  5:28  Hydralisk Den  
  80  5:32  Drone  
  80  5:33  Drone x3  
  79  5:36  Spore Crawler  
  79  5:38  Drone x2  
  79  5:41  Drone  
  81  5:48  Drone x4  
  85  5:53  Zerg Missile Weapons Level 1  
  85  5:55  Extractor  
  84  5:57  Drone  
  84  5:58  Drone x2  
  84  6:00  Drone  
  84  6:01  Overlord  
  88  6:04  Overlord  
  88  6:05  Grooved Spines  
  88  6:08  Overlord  
  88  6:09  Hydralisk  
  88  6:22  Hydralisk x3  
  88  6:23  Hydralisk x4  
  100  6:28  Drone x2  
  102  6:34  Hydralisk x2  
  106  6:43  Hydralisk x2  
  106  6:46  Hydralisk  
  110  6:49  Overlord, Hatchery  
  109  7:00  Drone  
  109  7:01  Hydralisk x2  
  109  7:02  Overlord  
  109  7:05  Overlord  
  109  7:08  Overlord, Hydralisk x2  
  113  7:09  Hydralisk  
  113  7:11  Zergling x6  
  122  7:20  Overlord  
  122  7:21  Muscular Augments  
  122  7:22  Zergling x2  
  123  7:23  Zergling x4  
  123  7:28  Drone  
  126  7:30  Drone  
  126  7:31  Drone x3  
  126  7:36  Overseer, Hatchery  
  129  7:39  Drone  
  129  7:43  Hydralisk  
  132  7:45  Hydralisk x2  
  132  7:49  Hydralisk  
  136  7:52  Hydralisk x2  
  136  7:57  Overlord  
  140  7:59  Hydralisk x2  
  140  8:01  Drone  
  140  8:02  Drone x2  
  140  8:05  Zergling x6  
  150  8:12  Zergling x6  
  152  8:14  Zerg Missile Weapons Level 2  
  152  8:16  Overlord  
  152  8:19  Hydralisk  
  153  8:34  Zergling x2  
  153  8:35  Zergling x22  
  153  8:37  Hydralisk x3  
  171  8:45  Hydralisk  
  173  8:50  Hydralisk  
  173  8:54  Baneling Nest, Hydralisk  
  173  8:55  Hydralisk  
  177  8:57  Zergling x2  
  177  8:58  Zergling x6  
  177  9:00  Hydralisk  
  181  9:05  Overlord  
  181  9:14  Overlord  
  181  9:18  Overlord  
  181  9:21  Zergling x2  
  181  9:23  Zergling x2  
  182  9:25  Overlord  
  182  9:27  Hydralisk  
  182  9:28  Hydralisk x2  
  188  9:32  Hydralisk  
  188  9:34  Hydralisk x2  
  188  9:40  Hydralisk x2  
  188  9:41  Zergling x2  
  188  9:42  Zergling x6  
  188  9:45  Hydralisk  
  198  9:53  Hydralisk  
  198  9:56  Hydralisk  
  198  9:57  Hydralisk  
  198  10:01  Hydralisk  
  198  10:04  Zergling x2  
  198  10:05  Zergling x2  
  190  10:07  Zergling x2  
  190  10:08  Zergling x16  
  190  10:14  Hydralisk x3  
  173  10:17  Hydralisk  
  161  10:23  Hydralisk  
  161  10:26  Zergling x6  
  153  10:32  Extractor, Hatchery  
  153  10:33  Zerg Melee Weapons Level 1  
  153  10:34  Drone x2  
  153  10:35  Drone  
  154  10:37  Hydralisk  
  154  10:41  Hydralisk  
  158  10:43  Zergling x2  
  158  10:44  Zergling x8  
  158  10:48  Zergling x6  
  158  10:49  Zergling x6  
  169  10:52  Spine Crawler  
  169  10:53  Spine Crawler x3  
  169  10:54  Centrifical Hooks  
  169  10:57  Drone x6  
  166  11:03  Hydralisk x2  
  158  11:07  Hydralisk  
  158  11:11  Hydralisk  
  149  11:14  Zergling x12  
  149  11:15  Zergling x4  
  149  11:16  Drone  
  149  11:17  Hydralisk  
  162  11:20  Drone  
  163  11:27  Hydralisk x3  
  163  11:31  Zergling x2  
  170  11:37  Hydralisk x3  
  175  11:42  Overlord  
  175  11:44  Hydralisk  
  175  11:45  Hydralisk  
  175  11:46  Hydralisk  
  171  11:49  Zergling x2  
  171  11:50  Zergling x24  
  185  11:56  Extractor  
  185  11:57  Drone x3  
  185  11:59  Baneling x2  
  185  12:00  Baneling x4  
  187  12:02  Overseer  
  187  12:05  Zergling x2  
  187  12:06  Zergling x22  
  189  12:16  Zergling x2  
  189  12:17  Zergling x16  
  189  12:19  Zergling x2  
  187  12:35  Zergling x2  
  187  12:36  Zergling x22  
  186  12:40  Hydralisk x2  
  186  12:42  Hydralisk x2  
  179  12:44  Hydralisk x2  
  179  12:45  Hydralisk x2  
  179  12:47  Drone  
  179  12:51  Drone x3  
  191  12:52  Hydralisk, Zerg Ground Armor Level 1  
  191  12:55  Zergling x2  
  194  12:58  Drone  
  194  13:03  Baneling x9  
  194  13:04  Baneling x4  
  194  13:11  Zergling x2  
  194  13:12  Zergling x4  
  196  13:14  Zergling x4  
  196  13:15  Zergling x4  
  186  13:20  Zergling x2  
  186  13:21  Zergling x24  
  186  13:26  Zergling x2  
  186  13:27  Zergling x2  
  197  13:37  Zergling x14  
  197  13:38  Zergling x8  
  197  13:40  Hydralisk  
  195  13:45  Hydralisk x3  
  195  13:47  Zergling x6  
  195  13:52  Hydralisk x3  
  199  13:56  Baneling x13  
  197  14:10  Zergling x2  
  197  14:11  Zergling x2  
  197  14:14  Hydralisk x2  
  197  14:16  Hydralisk x2  
  199  14:18  Zergling x6  
  199  14:20  Hydralisk x2  
  199  14:22  Hydralisk  
  197  14:26  Hydralisk x4  
  197  14:27  Hydralisk  
  197  14:28  Hydralisk  
  197  14:31  Hydralisk  
  195  14:33  Hydralisk x2  
  195  14:36  Hydralisk  
  193  14:40  Hydralisk  
  193  14:41  Zergling x12  
  193  14:42  Zergling x2  
  193  14:44  Hydralisk  
  194  14:47  Hydralisk  
  194  14:48  Hydralisk  
  178  14:52  Zergling x2  
  178  14:53  Zergling x6  
  178  14:58  Zergling x8  
  178  14:59  Zergling x2  
  186  15:00  Zergling x4  
  186  15:05  Zergling x2  
  186  15:06  Zergling x8  
  185  15:07  Zergling x2  
  185  15:09  Zergling x4  
  185  15:10  Zergling x2  
  185  15:13  Hydralisk  
  188  15:15  Hydralisk  
  188  15:17  Hydralisk  
  188  15:19  Hydralisk  
  173  15:21  Hydralisk  
  173  15:23  Zergling x2  
  173  15:26  Hydralisk  
  166  15:33  Hydralisk x2  
  170  15:37  Baneling x15  
  170  15:41  Hydralisk  
  165  15:46  Zergling x8  
  165  15:47  Zergling x8  
  171  15:55  Hydralisk  
  167  16:02  Hydralisk x3  
  154  16:06  Zergling x2  
  154  16:07  Zergling x22  
  154  16:10  Hydralisk x2  
  170  16:14  Overseer  
  170  16:15  Overseer  
  170  16:16  Hydralisk  
  170  16:18  Hydralisk  
  160  16:19  Hydralisk  
  160  16:22  Hydralisk  
  161  16:29  Hydralisk  
  161  16:30  Hydralisk  
  161  16:32  Zergling x2  
  160  16:33  Zergling x12  
  160  16:37  Hydralisk x2  
  166  16:53  Hydralisk x2  
  138  16:55  Zergling x2  
  138  16:56  Zergling x14  
  138  17:01  Hydralisk x4  
  142  17:03  Hydralisk  
  142  17:06  Hydralisk  
  154  17:11  Hydralisk  
  154  17:12  Zergling x2  
  154  17:13  Zergling x2  
  157  17:16  Hydralisk  
  157  17:18  Hydralisk  
  160  17:23  Baneling  
  160  17:24  Baneling x2  
  160  17:32  Hydralisk x2  
  159  17:37  Zergling x2  
  159  17:38  Zergling x10  
  159  17:40  Overseer  
  159  17:42  Hatchery  
Show
View Real Time Build Order
Export as new Build Order

Creator Protoss - Winner!

Build Orders: 1 Gate Expand, Oracle Opening, Phoenix Opening, Archon Immortal 

Get SALT Encoding   

  12  0:00  Probe  
  13  0:12  Probe  
  14  0:19  Pylon  
  14  0:24  Probe  
  15  0:37  Probe (Chrono Boost)  
  15  0:42  Gateway  
  16  0:47  Probe (Chrono Boost)  
  17  0:50  Assimilator  
  17  0:52  Probe (Chrono Boost)  
  18  1:03  Probe  
  19  1:19  Nexus  
  19  1:31  Cybernetics Core  
  19  1:32  Probe (Chrono Boost)  
  20  1:41  Assimilator  
  20  1:42  Probe (Chrono Boost)  
  21  1:47  Probe (Chrono Boost)  
  21  1:50  Pylon  
  22  1:58  Probe  
  23  2:07  Adept (Chrono Boost)  
  23  2:10  Probe  
  26  2:22  Stargate  
  26  2:23  Probe  
  26  2:28  Adept  
  29  2:32  Probe (Chrono Boost)  
  29  2:34  Pylon  
  30  2:38  Warp Gate  
  30  2:42  Probe (Chrono Boost)  
  30  2:44  Probe (Chrono Boost)  
  33  2:51  Probe (Chrono Boost)  
  33  2:53  Probe (Chrono Boost)  
  34  3:04  Gateway  
  34  3:05  Phoenix (Chrono Boost)  
  34  3:09  Probe x2  
  38  3:15  Gateway  
  38  3:18  Adept  
  40  3:23  Probe  
  41  3:27  Oracle (Chrono Boost)  
  41  3:28  Shield Battery  
  44  3:40  Pylon  
  44  3:41  Probe  
  44  3:42  Probe  
  44  3:43  Pylon  
  46  4:00  Oracle (Chrono Boost)  
  46  4:01  Probe x2  
  51  4:04  Pylon  
  51  4:10  Assimilator  
  51  4:13  Probe x2  
  51  4:14  Pylon  
  53  4:18  Robotics Facility  
  53  4:35  Probe x2  
  53  4:36  Nexus  
  53  4:38  Pylon  
  55  4:43  Adept x2  
  55  4:45  Adept  
  61  4:48  Probe x2  
  63  4:56  Assimilator  
  63  5:02  Immortal (Chrono Boost)  
  63  5:06  Robotics Facility  
  67  5:15  Stalker  
  67  5:16  Stalker  
  67  5:19  Shield Battery  
  71  5:21  Pylon  
  71  5:25  Probe  
  71  5:26  Probe  
  73  5:36  Immortal  
  73  5:39  Probe x2  
  73  5:41  Pylon  
  79  5:44  Forge  
  79  5:46  Sentry  
  81  5:55  Probe x2  
  81  5:58  Immortal  
  81  5:59  Probe  
  81  6:02  Sentry  
  88  6:08  Probe (Chrono Boost)  
  88  6:09  Probe (Chrono Boost)  
  90  6:11  Probe (Chrono Boost)  
  90  6:13  Shield Battery  
  90  6:16  Twilight Council  
  92  6:19  Probe (Chrono Boost)  
  92  6:20  Probe (Chrono Boost), Protoss Ground Weapons Level 1 (Chrono Boost)  
  92  6:21  Probe (Chrono Boost)  
  92  6:24  Probe (Chrono Boost)  
  92  6:25  Probe (Chrono Boost)  
  94  6:26  Probe (Chrono Boost)  
  97  6:34  Probe  
  97  6:36  Probe, Immortal  
  103  6:44  Probe  
  103  6:46  Probe, Assimilator  
  105  6:47  Sentry  
  105  6:48  Probe, Gateway x2, Assimilator  
  108  6:59  Immortal  
  109  7:01  Gateway  
  109  7:02  Gateway  
  109  7:06  Templar Archives  
  109  7:10  Charge  
  109  7:12  Pylon  
  109  7:15  Photon Cannon  
  109  7:23  Pylon  
  109  7:30  Probe x3, Warp Prism  
  114  7:38  Pylon x2, Psionic Storm  
  114  7:41  Pylon  
  114  7:43  Zealot x3  
  120  7:49  Immortal  
  124  7:59  Gateway  
  124  8:00  Gateway, High Templar x3  
  124  8:01  Phoenix  
  130  8:09  Zealot  
  132  8:14  High Templar  
  132  8:16  Observer (Chrono Boost)  
  135  8:22  Probe x3, Photon Cannon  
  135  8:23  Photon Cannon, High Templar  
  140  8:31  Immortal (Chrono Boost)  
  140  8:35  Pylon  
  140  8:37  Pylon  
  140  8:40  Immortal (Chrono Boost)  
  146  8:44  Pylon  
  146  8:45  Photon Cannon  
  146  8:48  Zealot  
  148  8:54  Zealot x4  
  153  9:07  Nexus  
  152  9:12  Zealot x3  
  152  9:14  High Templar x3  
  152  9:15  High Templar  
  166  9:20  Archon x2  
  166  9:21  Immortal (Chrono Boost)  
  172  9:28  Protoss Ground Weapons Level 2 (Chrono Boost)  
  172  9:29  Pylon  
  172  9:30  Photon Cannon  
  170  9:32  Photon Cannon  
  170  9:34  Photon Cannon  
  170  9:35  Immortal (Chrono Boost)  
  172  9:41  Pylon  
  172  9:42  Pylon  
  172  9:57  Zealot x2  
  172  9:58  Zealot x5  
  173  10:07  Zealot x2  
  161  10:18  Zealot  
  141  10:21  Zealot x3  
  141  10:25  Probe x4  
  137  10:30  Assimilator  
  137  10:31  High Templar x2  
  137  10:32  High Templar x2  
  137  10:34  Assimilator  
  145  10:35  Archon  
  145  10:36  Archon  
  145  10:37  Probe  
  145  10:41  Immortal x2 (Chrono Boost)  
  143  10:48  Zealot  
  143  10:49  Zealot  
  155  11:01  Zealot x2  
  155  11:02  Zealot  
  139  11:15  Probe (Chrono Boost)  
  139  11:18  High Templar x4  
  145  11:19  Warp Prism  
  145  11:20  Probe x2 (Chrono Boost)  
  145  11:21  Probe (Chrono Boost)  
  153  11:25  Archon x2  
  151  11:37  Sentry x2  
  151  11:38  Zealot x2, Sentry  
  155  11:54  Zealot x3  
  160  11:58  Immortal x2 (Chrono Boost), Photon Cannon  
  160  11:59  Photon Cannon  
  160  12:01  Probe x3, Photon Cannon  
  171  12:04  Photon Cannon  
  171  12:06  Shield Battery  
  171  12:08  Pylon  
  169  12:22  Zealot x5  
  179  12:34  Immortal x2 (Chrono Boost), High Templar x2  
  179  12:35  High Templar x2  
  183  12:38  Archon  
  183  12:39  Archon  
  174  12:49  Zealot x2  
  174  12:50  Sentry  
  180  12:51  Protoss Ground Weapons Level 3 (Chrono Boost)  
  180  12:55  Probe  
  180  12:57  Probe  
  180  13:06  Immortal x2  
  180  13:09  Fleet Beacon  
  188  13:15  Stargate  
  184  13:24  High Templar  
  184  13:25  Zealot x4, High Templar  
  196  13:30  Archon  
  196  13:41  Zealot x3  
  186  13:47  High Templar x2  
  184  13:51  Mothership (Chrono Boost)  
  184  13:53  Archon  
  186  13:57  Observer (Chrono Boost)  
  186  14:00  Zealot x4  
  195  14:03  Zealot x2  
  189  14:18  Zealot  
  189  14:20  Zealot  
  183  14:25  Archon  
  183  14:27  High Templar x3  
  177  14:31  Zealot x3  
  177  14:32  Zealot  
  178  14:45  Nexus  
  176  14:47  High Templar x2  
  176  14:50  Immortal (Chrono Boost)  
  177  14:53  Observer (Chrono Boost)  
  177  14:55  Photon Cannon  
  177  14:58  Shield Battery  
  177  14:59  Zealot x3  
  187  15:03  Archon  
  187  15:10  Zealot x2  
  187  15:11  Zealot  
  181  15:25  Archon  
  181  15:28  High Templar x4  
  181  15:32  Zealot x4  
  189  15:47  Sentry  
  187  16:02  Zealot  
  173  16:08  High Templar x2  
  173  16:09  Zealot x3  
  173  16:11  Observer x2 (Chrono Boost)  
  185  16:14  Archon  
  185  16:18  Zealot x3  
  187  16:37  Zealot x2, High Templar x2  
  191  16:42  Archon  
  191  16:44  Warp Prism (Chrono Boost)  
  172  16:54  Zealot x2  
  172  16:55  Zealot x3  
  172  16:56  Nexus  
  188  17:09  Assimilator  
  176  17:15  Zealot x3  
  176  17:16  Zealot, High Templar x4  
  176  17:17  Zealot  
  176  17:20  Archon x2  
  198  17:27  Pylon  
  190  17:51  Zealot x9  

Tags
 
Add a new tag
Caveats
  • Supply blocks, unpowered buildings, or Contaminate may cause inaccurate times.
  • Supply counts are checked every 10 seconds.